AoeStats
← ccereal

Black Forest

510161474Analyzed
4v4 RM · 2d ago on Sep 29, 2026· 28m 27s· 8 players
Game mode
Random Map
Map size
Large (8 player)
Population
200
Speed
Normal
Resources
Standard
Victory
Conquest
Starting age
Dark Age
Ending age
Imperial Age
RankedLock teamsTeams togetherTeam positionsShared explorationLock speedFull tech treeHidden civsTurbo modeCheats
Victory
Defeat
🇫🇷 Britons · France
1589
+12
🇫🇷 Khmer · France
1561
+14
🇫🇷 Saracens · France
1475
+17
🇫🇷 Ethiopians · France
1452
+18
🇬🇧 Lithuanians · United Kingdom
1581
-18
🇨🇦 Persians · Canada
1489
-15
🇹🇷 Spanish · Türkiye
1478
-14
🇧🇷 Khmer · Brazil
1469
-14
JavelinMen
6:55 Loom
10:49 Feudal Age
11:27 Double-Bit Axe
11:24 Horse Collar
24:08 Castle Age
Not the letter N
0:53 Loom
10:32 Feudal Age
18:15 Castle Age
16:45 Fletching
17:11 Stone Mining
21:37 Bodkin Arrow
22:51 Double-Bit Axe
25:57 Gold Mining
小三輪司機
12:00 Feudal Age
16:09 Castle Age
14:04 Fishing Lines
16:27 Double-Bit Axe
19:26 Scale Barding Armor
21:14 Bloodlines
21:16 Loom
23:03 Forging
23:12 Forging
22:52 Fletching
23:58 Husbandry
24:27 Fletching
25:23 Gold Mining
26:37 Wheelbarrow
27:34 Horse Collar
28:40 Chain Barding Armor
28:55 Iron Casting
Julio2
11:26 Feudal Age
11:55 Double-Bit Axe
20:42 Castle Age
19:18 Fishing Lines
23:40 Gold Mining
24:24 Gillnets
25:35 Gold Shaft Mining
26:30 Wheelbarrow
26:06 Bow Saw
29:06 Imperial Age
27:53 Fletching
tony le gros rou
6:06 Loom
10:48 Feudal Age
14:31 Castle Age
14:50 Scale Barding Armor
14:56 Forging
15:39 Double-Bit Axe
21:26 Bow Saw
24:34 Horse Collar
27:22 Husbandry
La Momone 38
0:52 Loom
10:34 Feudal Age
14:35 Fletching
15:15 Padded Archer Armor
24:24 Castle Age
25:12 Crossbowman
25:53 Bodkin Arrow
26:13 Leather Archer Armor
26:14 Gold Mining
27:46 Double-Bit Axe
ccereal
8:17 Feudal Age
8:56 Double-Bit Axe
12:05 Fletching
14:24 Padded Archer Armor
15:09 Loom
21:31 Castle Age
21:42 Horse Collar
21:53 Gold Mining
21:43 Crossbowman
22:25 Bodkin Arrow
23:14 Wheelbarrow
25:46 Gold Shaft Mining
25:25 Bow Saw
Flybidi
11:26 Feudal Age
14:46 Castle Age
13:10 Double-Bit Axe
13:29 Fishing Lines
16:53 Wheelbarrow
18:32 Horse Collar
20:29 Bow Saw
20:38 Gillnets
23:35 Loom
24:30 Heavy Plow
26:22 Hand Cart
25:59 Gold Mining
26:21 Stone Mining
26:48 Stone Mining
30:12 Imperial Age
27:57 Bloodlines
28:10 Scale Barding Armor
28:21 Fletching
28:43 Husbandry
28:55 Forging
Connection lost

Rejoining the realm…

Still unreachable

The connection could not be restored.

Session expired

The server has moved on; the page needs a fresh start.